 Dungeon Crawl Stone Soup version 0.22-a0-603-gfc1114d (webtiles) character file.

11109 Mamutox the Basher (level 11, -5/110 (111) HPs)
             Began as a Troll Berserker on July 7, 2018.
             Was a High Priest of Trog.
             Slain by a slime creature (17 damage)
             ... on level 12 of the Dungeon.
             The game lasted 00:50:10 (10698 turns).

Mamutox the Basher (Troll Berserker)               Turns: 10698, Time: 00:50:11

HP:   -5/110 (111)  AC: 13    Str: 27      XL:     11   Next: 45%
MP:   10/10         EV: 19    Int:  3      God:    Trog [*****.]
Gold: 439           SH:  0    Dex: 11 (12) Spells: 10/10 levels left

rFire    . . .     SeeInvis .   a - +2 mace (drain)
rCold    . . .     Gourm    +   (no shield)
rNeg     . . .     Faith    .   N - +0 troll leather armour
rPois    .         Spirit   .   (helmet restricted)
rElec    .         Reflect  .   X - +2 cloak {+Inv}
rCorr    .         Harm     .   (gloves unavailable)
MR       .....                  (boots unavailable)
Stlth    +.........             (no amulet)
HPRegen  1.08/turn              R - +3 ring of protection
MPRegen  0.12/turn              G - +6 ring of evasion

@: berserk cooldown, slowed, very slow
A: large, unfitting armour, claws 3, fast metabolism 3, gourmand, regeneration
1, shaggy fur 1, tough skin 2
a: Berserk, Trog's Hand, Brothers in Arms, Renounce Religion, Evoke Invisibility


You were on level 12 of the Dungeon.
You worshipped Trog.
Trog was extremely pleased with you.
You were very full.

You visited 2 branches of the dungeon, and saw 13 of its levels.

You collected 878 gold pieces.
You spent 439 gold pieces at shops.

Inventory:

Hand Weapons
 a - a +2 mace of draining (weapon)
 b - a +0 blowgun
Missiles
 d - 4 javelins (quivered)
 e - 7 large rocks
 k - 7 needles of confusion
 v - 94 poisoned needles
 y - 19 tomahawks
 H - 6 needles of paralysis
 O - 5 poisoned tomahawks
 U - 4 steel javelins
 V - 4 needles of sleeping
Armour
 N - a +0 troll leather armour (worn)
 X - a +2 cloak of invisibility (worn)
Jewellery
 G - a +6 ring of evasion (right claw)
 R - a +3 ring of protection (left claw)
Wands
 l - a wand of digging (9)
 J - a wand of clouds (9)
 M - a wand of flame (26)
 T - a wand of iceblast (6)
 W - a wand of polymorph (7)
 Y - a wand of scattershot (5)
 Z - a wand of random effects (15)
Scrolls
 h - 3 scrolls of immolation
 i - 4 scrolls of remove curse
 p - 3 scrolls of magic mapping
 r - 5 scrolls of teleportation
 w - 6 scrolls of enchant armour
 x - 2 scrolls of blinking {unknown}
 z - 3 scrolls of fear {unknown}
 A - a scroll of vulnerability {unknown}
 F - 2 scrolls of enchant weapon
 I - 2 scrolls of fog {unknown}
 L - a scroll of torment {unknown}
 S - a scroll of random uselessness {unknown}
Potions
 f - 4 potions of flight
 g - 5 potions of heal wounds
 j - 2 potions of magic
 n - 2 potions of brilliance
 q - 5 potions of curing
 s - 3 potions of lignification
 t - a potion of ambrosia
 u - a potion of resistance
 C - a potion of agility
 D - 2 potions of cancellation
 P - a potion of haste
 Q - 4 potions of might
Comestibles
 c - 33 rations
 m - a chunk of flesh


   Skills:
 + Level 8.0 Fighting
 + Level 8.9 Maces & Flails
 + Level 8.0 Throwing
 * Level 2.5 Armour
 + Level 8.0 Dodging


You had 10 spell levels left.
You didn't know any spells.
Your spell library contained the following spells:

 Spells                   Type           Power        Failure   Level  Hunger
 Fireball                 Conj/Fire      #.........   100%        5    ######.
 Conjure Flame            Conj/Fire      #.......     90%         3    ####...
 Throw Flame              Conj/Fire      #.....       71%         2    ###....
 Sticky Flame             Conj/Fire      #.......     100%        4    #####..
 Flame Tongue             Conj/Fire      #....        56%         1    ##.....
 Inner Flame              Hex/Fire       #.......     90%         3    ####...


Dungeon Overview and Level Annotations

Branches:
Dungeon (12/15)            Temple (1/1) D:6            Lair (0/6) D:8
    Orc (0/2) D:12

Altars:
Ashenzari
Cheibriados
Dithmenos
Elyvilon
Fedhas
Gozag
Hepliaklqana
Kikubaaqudgha
Makhleb
Nemelex Xobeh
Okawaru
Qazlal
Ru
Sif Muna
Trog
Uskayaw
Vehumet
Wu Jian
Xom
Yredelemnul
Zin
The Shining One

Shops:
D:4 }[!   D:8 =   D:9 (?

Annotations:
D:7 Joseph
D:10 1 runed door


Innate Abilities, Weirdness & Mutations

You are too large for most types of armour.
You have claws for hands.
Your metabolism is lightning-fast.
You like to eat raw meat.
Your natural rate of healing is unusually fast.
You are covered in fur. (AC +1)
You have very tough skin. (AC +2)


Message History

You barely miss the slime creature.
The slime creature is almost dead.
The slime creature seems less drained.
The slime creature misses you.
The slime creature hits you but does no damage.
The slime creature completely misses you.
You bludgeon the slime creature!!
You feel the power of Trog in you as your rage grows.
You kill the slime creature!
Trog accepts your kill.
The slime creature seems less drained.
The slime creature closely misses you. The slime creature hits you!
* * * LOW HITPOINT WARNING * * *
You feel a strong urge to attack something.
You are no longer berserk.
You are exhausted.
You feel yourself slow down.
You hit the slime creature.
The slime creature is lightly wounded.
The slime creature hits you!
You die...

.# #..# #...# .#
#..########...# ..
.............<############
...
...........................
#### ###
#...###########..######
#...# #..# #...# #..#
#####...###########.?#
.........J@..........######
.........J..........[......
........############.......
#######.# #.###### #.# #.#
..# #.# ... ... #### ...
##.


You could see 2 slime creatures.

Vanquished Creatures
  A hydra (D:10)
  2 two-headed ogres
  An ugly thing (D:11)
  2 cyclopes (D:11)
  A komodo dragon (D:8)
  The ghost of varam the Sneak, a novice SpAK of Lugonu (D:4)
  3 trolls
  2 slime creatures (D:12)
  2 hippogriffs
  2 dream sheep (D:10)
  A wyvern (D:10)
  2 yaks (D:10)
  A vampire mosquito (D:12)
  2 water moccasins
  4 orc warriors
  An ice beast (D:8)
  A phantom (D:8)
  A hornet zombie (D:8)
  A necrophage (D:11)
  4 ogres
  The ghost of toffzen the Covered, an amateur GnWn (D:3)
  2 eyes of draining
  5 centaurs
  A crocodile (D:11)
  6 big kobolds
  Blork the orc (D:4)
  6 bullfrogs
  A scorpion (D:9)
  6 killer bees (D:8)
  4 howler monkeys
  5 crimson imps
  A centaur zombie (D:3)
  5 bullfrog zombies
  4 quasits
  A bullfrog skeleton (D:5)
  8 hounds
  7 orc wizards
  2 orc priests
  2 jellies
  4 iguanas
  6 worker ants
  2 hound skeletons
  A worker ant zombie (D:7)
  7 gnolls
  12 adders
  A shadow imp (D:7)
  An ooze (D:1)
  3 adder skeletons
  2 adder zombies
  3 worms
  2 dart slugs
  4 leopard geckos
  62 orcs
  2 bats (D:1)
  5 giant cockroaches
  7 goblins
  7 hobgoblins
  9 jackals
  16 kobolds
  4 quokkas
  3 frilled lizards
  A leopard gecko skeleton (D:4)
  A quokka skeleton (D:7)
  10 rats
  A fungus (D:1)
279 creatures vanquished.

Vanquished Creatures (collateral kills)
  An ogre (D:8)
  A necrophage (D:7)
  3 killer bees (D:8)
5 creatures vanquished.

Vanquished Creatures (others)
  2 plants (D:8)
2 creatures vanquished.

Grand Total: 286 creatures vanquished

Notes
Turn   | Place    | Note
-------+----------+-------------------------------------------
     0 | D:1      | Mamutox the Troll Berserker began the quest for the Orb.
     0 | D:1      | Reached XP level 1. HP: 22/22 MP: 0/0
    69 | D:1      | Reached XP level 2. HP: 29/29 MP: 1/1
   586 | D:1      | Reached XP level 3. HP: 36/36 MP: 2/2
   800 | D:2      | Found a white marble altar of Elyvilon.
   869 | D:2      | Reached ** piety under Trog
  1583 | D:3      | Found a runed gate.
  1584 | D:3      | Found a runed gate.
  1585 | D:3      | Found a runed gate.
  1586 | D:3      | Noticed toffzen's ghost (amateur GnWn)
  1833 | D:3      | Found an ornate altar of the Wu Jian Council.
  2011 | D:3      | Reached XP level 4. HP: 34/45 MP: 3/3
  2071 | D:3      | Found a glowing golden altar of the Shining One.
  2465 | D:3      | Killed toffzen's ghost
  2465 | D:3      | Reached skill level 1 in Throwing
  2465 | D:3      | Reached XP level 5. HP: 48/53 MP: 4/4
  2587 | D:4      | Found Roluassigg's Distillery.
  2612 | D:4      | Reached XP level 6. HP: 54/61 MP: 5/5
  2661 | D:4      | Bought a potion of degeneration for 10 gold pieces
  2666 | D:4      | Bought a potion of heal wounds for 50 gold pieces
  2666 | D:4      | Bought a potion of curing for 30 gold pieces
  2666 | D:4      | Bought a potion of lignification for 30 gold pieces
  2724 | D:4      | Found a runed door.
  2727 | D:4      | Noticed varam's ghost (novice SpAK)
  2737 | D:4      | Killed varam's ghost
  2753 | D:4      | Found a runed door.
  2821 | D:4      | Noticed Blork the orc
  2829 | D:4      | Killed Blork the orc
  2829 | D:4      | Reached XP level 7. HP: 70/70 MP: 6/6
  2883 | D:4      | Found Woliema's Armour Emporium.
  3083 | D:4      | Found Kojifoll's Gadget Shop.
  3394 | D:5      | Entered Level 5 of the Dungeon
  3436 | D:5      | Reached *** piety under Trog
  3664 | D:5      | You fall through a shaft for 3 floors!
  3664 | D:8      | Found a staircase to the Lair.
  3664 | D:8      | Noticed a komodo dragon
  3685 | D:8      | Killed a komodo dragon
  3685 | D:8      | Reached skill level 5 in Maces & Flails
  3685 | D:8      | Reached XP level 8. HP: 8/79 MP: 7/7
  3691 | D:8      | HP: 1/79 [hound (4)]
  3783 | D:8      | Found a radiant altar of Vehumet.
  3861 | D:8      | Noticed a two-headed ogre
  4277 | D:6      | Found a staircase to the Ecumenical Temple.
  4572 | D:5      | Found a white marble altar of Elyvilon.
  4663 | D:5      | Reached **** piety under Trog
  4686 | D:5      | Found a basalt altar of Yredelemnul.
  4919 | D:5      | Found a radiant altar of Vehumet.
  4995 | D:6      | Reached skill level 5 in Fighting
  4995 | D:6      | Reached skill level 5 in Dodging
  5437 | Temple   | Entered the Ecumenical Temple
  5629 | D:7      | Noticed Joseph
  6249 | D:8      | Reached XP level 9. HP: 87/87 MP: 8/8
  6333 | D:8      | Reached skill level 5 in Throwing
  6335 | D:8      | Found Eqiraesu's Jewellery Shoppe.
  6423 | D:8      | Killed a two-headed ogre
  6664 | D:8      | Found a shimmering altar of Xom.
  6720 | D:8      | Found a shadowy altar of Dithmenos.
  6890 | D:9      | Noticed a two-headed ogre
  6899 | D:9      | Killed a two-headed ogre
  6899 | D:9      | Reached XP level 10. HP: 60/99 MP: 9/9
  7075 | D:9      | Received a gift from Trog
  7429 | D:9      | Found Kehon's Magic Scroll Emporium.
  7498 | D:9      | Reached ***** piety under Trog
  7607 | D:9      | Bought a scroll of remove curse for 39 gold pieces
  7607 | D:9      | Bought a scroll of noise for 13 gold pieces
  7607 | D:9      | Bought a scroll of identify for 26 gold pieces
  7607 | D:9      | Bought a scroll of identify for 26 gold pieces
  7798 | D:4      | Bought a +2 cloak of invisibility for 215 gold pieces
  8155 | D:9      | Found Sassadom's Weapon Shop.
  8197 | D:10     | Entered Level 10 of the Dungeon
  8243 | D:10     | Found a runed door.
  8243 | D:10     | Found a glowing silver altar of Zin.
  8243 | D:10     | Noticed an angel
  8703 | D:10     | Noticed a three-headed hydra
  8710 | D:10     | Killed a three-headed hydra
  9316 | D:11     | Noticed a cyclops
  9397 | D:11     | Received a gift from Trog
  9506 | D:11     | Reached XP level 11. HP: 109/109 MP: 5/10
  9888 | D:11     | Reached skill level 1 in Armour
  9960 | D:11     | Received a gift from Trog
 10003 | D:11     | Noticed a cyan ugly thing
 10012 | D:11     | Killed a cyan ugly thing
 10240 | D:12     | Found a staircase to the Orcish Mines.
 10698 | D:12     | Slain by a slime creature

Vault maps used:
D:1:      minmay_arrival_radiant_lines, minmay_gold_behind_fungi,
          grunt_decor_fettered
D:2:      lemuel_statue_altar
D:3:      old_standard_altar, nicolae_overflow_hidden_temple,
          gammafunk_ghost_necromancy, first_ration
D:4:      ebering_ghost_sewer_f, serial_shops, nicolae_shop_trees, shop,
          shop_coins, minivault_1, uniq_blork_the_orc
D:5:      old_standard_altar, kennysheep_ying_yang
D:6:      temple_hall, grunt_ministairs_1, nrook_pool_corridor
D:7:      uniq_joseph
D:8:      grunt_dithmenos_shadows, lemuel_doored_altar, david_lair_shrubbed,
          serial_shops, shop_fountains, basic_altar, roderic_lattice_a
D:9:      serial_shops, shop, shop_coins, special_room
D:10:     hangedman_ranch, lemuel_angel_altar
D:11:     serial_glass, glass_columns_a, glass_columns_c, glass_columns_a,
          glass_columns_c
D:12:     orc_0_dummy, uniq_sonja
Temple:   regret_index_temple_waves

Skill      XL: |  1  2  3  4  5  6  7  8  9 10 11 |
---------------+----------------------------------+-----
Maces & Flails | 3 4 5 6 7 8 |  8.9
Fighting       | 3 4 5 6 7 8 |  8.0
Dodging        | 3 4 5 6 7 8 |  8.0
Throwing       | 1 2 3 4 6 7 8 |  8.0
Armour         | 2 |  2.5

Action                   |  1- 3 |  4- 6 |  7- 9 | 10-12 || total
-------------------------+-------+-------+-------+-------++-------
Melee: Mace              |   172 |    71 |   387 |   475 ||  1105
Throw: Javelin           |       |       |       |     5 ||     5
Invok: Berserk           |       |     3 |     9 |    12 ||    24
       Brothers in Arms  |       |       |     2 |       ||     2
       Trog's Hand       |       |       |     1 |       ||     1
  Use: Scroll            |       |       |     7 |    11 ||    18
       Potion            |       |       |     1 |       ||     1
  Eat: Chunk             |    24 |    10 |    47 |    49 ||   130
Armor: Animal skin       |    55 |    29 |   107 |   104 ||   295
       Troll leather arm |       |       |       |    45 ||    45
Dodge: Dodged            |   112 |    34 |   316 |   556 ||  1018

Table legend:
 A = Spawn XP
 B = Non-spawn XP
 C = Spawn XP percentage of total XP
 D = Spawn monster count
 E = Non-spawn monster count
 F = Spawn count percentage of total count
 G = Total turns spent on level
                    A         B        C        D         E        F      G
               +---------+---------+-------+---------+---------+-------+---------
         Total |       0 |   15870 |   0.0 |       0 |     283 |   0.0 | 10698
               +---------+---------+-------+---------+---------+-------+---------
           D:1 |       0 |      42 |   0.0 |       0 |      21 |   0.0 |   773
           D:2 |       0 |      20 |   0.0 |       0 |      11 |   0.0 |   702
           D:3 |       0 |     274 |   0.0 |       0 |      24 |   0.0 |  1103
           D:4 |       0 |     643 |   0.0 |       0 |      16 |   0.0 |   922
           D:5 |       0 |     305 |   0.0 |       0 |      17 |   0.0 |   806
           D:6 |       0 |     368 |   0.0 |       0 |      13 |   0.0 |   936
           D:7 |       0 |     733 |   0.0 |       0 |      33 |   0.0 |   800
           D:8 |       0 |    2686 |   0.0 |       0 |      30 |   0.0 |   958
           D:9 |       0 |    2317 |   0.0 |       0 |      46 |   0.0 |  1074
          D:10 |       0 |    3082 |   0.0 |       0 |      31 |   0.0 |  1137
          D:11 |       0 |    3836 |   0.0 |       0 |      31 |   0.0 |   885
          D:12 |       0 |    1564 |   0.0 |       0 |      10 |   0.0 |   479
               +---------+---------+-------+---------+---------+-------+---------
